 Dungeon Crawl Stone Soup version 0.24-a0-250-g6074511 (webtiles) character file.

Game seed: 6462309280158336938

1253 Borgoz the Cutter (level 8, 0/51 HPs)
             Began as a Kobold Gladiator on Apr 14, 2019.
             Was a Follower of Ashenzari.
             Slain by a quokka (5 damage)
             ... summoned by Eustachio
             ... on level 5 of the Dungeon.
             The game lasted 00:12:58 (5146 turns).

Borgoz the Cutter (Kobold Gladiator)                Turns: 5146, Time: 00:12:59

Health: 0/51       AC:  7    Str: 11 (14) XL:     8   Next: 80%
Magic:  8/8        EV: 18    Int:  9      God:    Ashenzari [*.....]
Gold:   249        SH:  0    Dex: 15 (16) Spells: 7/7 levels left

rFire    . . .     SeeInvis .   a - +0 rapier
rCold    . . .     Gourm    .   (shield restricted)
rNeg     . . .     Faith    .   b - +0 leather armour
rPois    .         Spirit   .   k - +2 helmet
rElec    .         Reflect  .   j - +0 cloak (curse)
rCorr    .         Harm     .   (no gloves)
MR       .....                  (no boots)
Stlth    ++........             (no amulet)
HPRegen  0.17/turn              c - ring of stealth
MPRegen  0.11/turn              (no ring)

@: no status effects
A: small, carnivore
a: Curse Item, Scrying, Renounce Religion


You were on level 5 of the Dungeon.
You worshipped Ashenzari.
Ashenzari was aware of your devotion.
You were very full.

You visited 1 branch of the dungeon, and saw 5 of its levels.
You also visited: Ossuary.

You collected 249 gold pieces.

Inventory:

Hand Weapons
 a - a +0 rapier (weapon)
Armour
 b - a +0 leather armour (worn)
 j - a cursed +0 cloak (worn)
 k - a +2 helmet (worn)
Jewellery
 c - a ring of stealth (left hand)
Scrolls
 d - a scroll of blinking {unknown}
 e - 3 scrolls of remove curse
 t - a scroll of enchant weapon {unknown}
 u - a scroll of enchant armour {unknown}
Potions
 h - 2 potions of magic
 l - a potion of flight
 m - a potion of haste
 n - a potion of cancellation {unknown}
 o - a potion of mutation {unknown}
 p - a potion of brilliance
 q - a potion of might {unknown}
 s - 2 potions of heal wounds {unknown}
Comestibles
 f - 6 rations


   Skills:
 + Level 5.8 Fighting
 + Level 7.6 Short Blades
 - Level 2.1 Throwing
 + Level 3.9 Armour
 + Level 7.0 Dodging


You had 7 spell levels left.
You didn't know any spells.
Your spell library was empty.

Dungeon Overview and Level Annotations

Branches:
Dungeon (5/15)
 Temple: D:4-7

Altars:
Ashenzari
Cheibriados
Nemelex Xobeh
Sif Muna
Vehumet
Wu Jian
The Shining One

Annotations:
D:5 Eustachio


Innate Abilities, Weirdness & Mutations

You are small and have problems with some larger weapons.
You are carnivorous and can eat meat at any time.


Message History

Eustachio gestures wildly while chanting.
You hit Eustachio but do no damage.
Eustachio is severely wounded.
The bat disappears in a puff of smoke!
The bat completely misses you. The ice beast misses you.
The quokka closely misses you.
Eustachio mumbles some strange words.
Eustachio blinks!
The bat closely misses you. The quokka bites you.
* * * LOW HITPOINT WARNING * * *
The ice beast barely misses you. The quokka closely misses you.
The quokka completely misses you. The quokka misses you.
Eustachio mumbles some strange words.
The quokka bites you but does no damage.
The bat hits you but does no damage.
Eustachio mumbles some strange words.
The white imp misses you.
You puncture Eustachio!
Eustachio is almost dead.
The bat hits you but does no damage. The quokka bites you.
You die...

#.##########..## ##.
#.# ##...# #.
#.########..#.# ###
#.
#..........##.#.....
#.
#######..............
#. #....##.#...... #.
#.>Yb##{(..###. #.
#rr5r##..### #.
#.5@@##..#### ##
#####5.......
#.####..# #.# . #.#
#.. ..# .## #


You could see Eustachio, an ice beast, a quasit, 2 white imps, 3 quokkas and a
bat.

Vanquished Creatures
  Sigmund (D:2)
  A sky beast (D:5)
  3 ogres
  A phantom (D:4)
  2 crimson imps
  A human zombie (Ossuary)
  A centaur zombie (D:3)
  A bullfrog skeleton (D:4)
  An orc priest (D:4)
  Crazy Yiuf (D:3)
  An iguana (D:4)
  3 orc wizards (D:4)
  3 worker ants
  A big kobold zombie (Ossuary)
  4 mummies (Ossuary)
  A hound skeleton (D:4)
  A worker ant zombie (D:5)
  8 adders
  3 oozes (D:3)
  An adder zombie (D:5)
  An adder skeleton (D:4)
  3 dart slugs
  2 leopard geckos
  16 orcs
  A ball python (D:3)
  10 bats
  3 giant cockroaches
  10 goblins
  7 hobgoblins
  6 jackals
  A quokka (D:2)
  4 frilled lizards
  A gnoll zombie (Ossuary)
  3 goblin zombies
  2 hobgoblin zombies (Ossuary)
  8 kobolds
  A kobold zombie (Ossuary)
  A quokka zombie (D:4)
  7 rats
  A fungus (D:3)
127 creatures vanquished.

Notes
Turn   | Place    | Note
-------+----------+-------------------------------------------
     0 | D:1      | Borgoz the Kobold Gladiator began the quest for the Orb.
     0 | D:1      | Reached XP level 1. HP: 12/12 MP: 1/1
   195 | D:1      | Reached XP level 2. HP: 18/18 MP: 2/2
   464 | D:1      | Reached XP level 3. HP: 22/22 MP: 3/3
   832 | D:2      | Reached skill level 1 in Armour
   874 | D:2      | Found a shattered altar of Ashenzari.
   890 | D:2      | Became a worshipper of Ashenzari the Shackled
   922 | D:2      | Noticed Sigmund
   954 | D:2      | Killed Sigmund
   954 | D:2      | Reached skill level 5 in Short Blades
   954 | D:2      | Reached XP level 4. HP: 9/28 MP: 4/4
   954 | D:2      | Reached XP level 5. HP: 10/32 MP: 5/5
   954 | D:2      | Reached XP level 6. HP: 12/37 MP: 6/6
  1169 | D:2      | Found a radiant altar of Vehumet.
  1327 | D:2      | Found a deep blue altar of Sif Muna.
  1330 | D:2      | Found an ornate altar of the Wu Jian Council.
  1784 | D:3      | Reached skill level 5 in Dodging
  1857 | D:3      | Found a glowing golden altar of the Shining One.
  1864 | D:3      | Found a sparkling altar of Nemelex Xobeh.
  2058 | D:3      | Noticed an ogre
  2072 | D:3      | Killed an ogre
  2225 | D:3      | Reached * piety under Ashenzari
  2354 | D:3      | Reached XP level 7. HP: 43/43 MP: 7/7
  2464 | D:3      | Found a runed translucent door.
  2465 | D:3      | Noticed Crazy Yiuf
  2476 | D:3      | Killed Crazy Yiuf
  2800 | D:4      | Found a sand-covered staircase.
  2816 | Ossuary  | Entered an ossuary
  3340 | D:4      | HP: 2/44 [orc priest/divine providence (14)]
  3756 | D:4      | Reached XP level 8. HP: 32/48 MP: 8/8
  3780 | D:4      | Reached skill level 5 in Fighting
  4675 | D:5      | Entered Level 5 of the Dungeon
  4983 | D:5      | Noticed Eustachio
  5002 | D:5      | Found a snail-covered altar of Cheibriados.
  5146 | D:5      | Slain by a quokka

Levels and vault maps discovered:
D:1:      dpeg_arrival_tiny_i, layout_basic, serial_glass, glass_columns_b,
          glass_columns_b, glass_columns_b, glass_columns_c,
          minmay_strange_pillars, minmay_strange_pillars, minmay_strange_pillars
D:2:      layout_loops_ring, ashenzari_altar_1, vehumet_crystals,
          nicolae_overflow_hidden_temple, uniq_sigmund
D:3:      layout_loops_corners, minitemple, uniq_crazy_yiuf_cottage
D:4:      corexii_shack_village, layout_rooms, enter_ossuary_4,
          grunt_ministairs_11
D:5:      layout_rooms, fedhas_altar_fruit_tree, okawaru_altar_gauntlet_db,
          first_ration, chequers_serial_rivers_marsh, cheibrodos_worm_habitat,
          uniq_eustachio, uniq_prince_ribbit1
Ossuary:  ossuary_crypta

Skill      XL: |  1  2  3  4  5  6  7  8 |
---------------+-------------------------+-----
Dodging        | 4 5 6 7 |  7.0
Armour         | 1 2 3 |  3.9
Fighting       | 3 4 5 |  5.8
Short Blades   | 5 6 7 |  7.6
Throwing       | |  2.1

Action                   |  1- 3 |  4- 6 |  7- 9 || total
-------------------------+-------+-------+-------++-------
Melee: Rapier            |   109 |    79 |   542 ||   730
Throw: Throwing net      |     3 |     1 |       ||     4
  Use: Potion            |     1 |       |    12 ||    13
       Scroll            |       |       |     7 ||     7
 Stab: Sleeping          |     2 |    11 |     6 ||    19
       Held in net/web   |     2 |     1 |       ||     3
  Eat: Chunk             |     9 |     2 |    11 ||    22
Armor: Leather armour    |    22 |    10 |   141 ||   173
Dodge: Dodged            |    83 |    55 |   612 ||   750

Table legend:
 A = Non-vault XP
 B = Vault XP
 C = Vault XP percentage of total XP
 D = Non-vault monster count
 E = Vault monster count
 F = Vault count percentage of total count
                 A         B        C        D         E       F
            +---------+---------+-------+---------+---------+-------
      Total |    1250 |     540 |  30.2 |      97 |      29 |  23.0
            +---------+---------+-------+---------+---------+-------
        D:1 |      39 |       0 |   0.0 |      21 |       0 |   0.0
        D:2 |      45 |     208 |  82.2 |      18 |       1 |   5.3
        D:3 |     283 |      40 |  12.4 |      21 |       1 |   4.5
        D:4 |     530 |     145 |  21.5 |      30 |      15 |  33.3
        D:5 |     353 |       0 |   0.0 |       7 |       0 |   0.0
    Ossuary |       0 |     147 | 100.0 |       0 |      12 | 100.0
            +---------+---------+-------+---------+---------+-------
